 Dungeon Crawl Stone Soup version 0.30.0-29-ga12c61a403 (webtiles) character file.

Game seed: 10604118603792765623

84 booth the Chopper (level 4, -7/30 HPs)
             Began as a Demonspawn Gladiator on June 5, 2023.
             Killed from afar by an orc wizard (8 damage)
             ... with a magic dart
             ... on level 3 of the Dungeon.
             The game lasted 00:12:45 (2050 turns).

booth the Chopper (Demonspawn Gladiator)            Turns: 2050, Time: 00:12:46

Health: -7/30      AC:  4    Str: 18 (19) XL:     4   Next: 23%
Magic:  4/4        EV: 12    Int:  4 (7)  God:
Gold:   94         SH:  0    Dex: 15 (18) Spells: 3/3 levels left

rFire   . . .        a - +1 war axe
rCold   . . .        (no shield)
rNeg    . . .        b - +0 leather armour
rPois   .            (helmet restricted)
rElec   .            (no cloak)
rCorr   .            h - +0 pair of gloves
SInv    .            (no boots)
Will    .....        (no amulet)
Stlth   ++           (no ring)
HPRegen 0.25/turn    (no ring)
MPRegen 0.09/turn

%: no passive effects
@: no status effects
A: antennae 1, condensation shield, camouflage 1, agile 1, frail 1, strong 1, no
potion heal 1
a: no special abilities


You were on level 3 of the Dungeon.
You visited 1 branch of the dungeon, and saw 3 of its levels.

You collected 94 gold pieces.

Inventory:

Hand Weapons
 a - a +1 war axe (weapon)
 c - a +0 mace of protection
 l - a +1 dagger of venom
Missiles
 d - 3 throwing nets (quivered)
 e - a javelin
 j - 5 poisoned darts
Armour
 b - a +0 leather armour (worn)
 h - a +0 pair of gloves (worn)
 i - an orb of energy
Wands
 f - a wand of charming (9)
Scrolls
 o - a scroll of magic mapping
Potions
 k - a potion of attraction


   Skills:
 + Level 2.6 Fighting
 + Level 3.1(3.2) Axes
 + Level 1.0(2.2) Maces & Flails
 + Level 2.3 Throwing
 + Level 0.9 Armour
 + Level 3.1 Dodging


You had 3 spell levels left.
You didn't know any spells.
Your spell library contained the following spells:

 Spells                   Type           Power      Damage    Failure   Level
 Freeze                   Ice            0%         1d3       56%         1
 Summon Small Mammal      Summ           0%         N/A       56%         1
 Call Canine Familiar     Summ           0%         N/A       90%         3
 Frozen Ramparts          Ice            0%         1d1       90%         3
 Hailstorm                Conj/Ice       0%         3d3       90%         3
 Summon Guardian Golem    Hex/Summ       0%         N/A       90%         3


Dungeon Overview and Level Annotations

Branches:
Dungeon (3/15)

Altars:


Innate Abilities, Weirdness & Mutations

You have a pair of small antennae on your head.
A meltable shield of frost defends you. (SH +0)
Your skin changes colour to match your surroundings (Stealth+).
You are agile. (Dex +4, Str/Int -1)
You are frail. (-10% HP)
Your muscles are strong. (Str +4, Int/Dex -1)
Potions are less effective at restoring your health.


Message History

You bump into the rock wall.
You feel less confused. Something hits you.
You miss something. Something hits you.
You miss something.
You hear some strange, mumbled words.
A magic dart appears from out of thin air!
The magic dart hits you. Something hits you.
* * * LOW HITPOINT WARNING * * *
You closely miss something. Your punch misses something.
Something hits you but does no damage.
You miss something. Something hits you.
* * * LOW HITPOINT WARNING * * *
Your system partially rejects the healing.
You feel much better. Something hits you but does no damage.
Okay, then.
You slash something!
You hear some strange, mumbled words.
A puff of flame appears from out of thin air!
The puff of flame hits you. Something hits you.
You barely miss something. Something hits you.
You closely miss something.
You hear some strange, mumbled words.
A puff of flame appears from out of thin air!
The puff of flame hits you!
* * * LOW HITPOINT WARNING * * *
You closely miss something. Something hits you but does no damage.
You miss something. Something hits you.
* * * LOW HITPOINT WARNING * * *
Something hits you but does no damage.
You closely miss something.
You hear some strange, mumbled words.
A magic dart appears from out of thin air!
The magic dart hits you.
* * * LOW HITPOINT WARNING * * *
You closely miss something.
You hear some strange, mumbled words.
A magic dart appears from out of thin air!
The magic dart hits you!
You die...

+...# # #...# #
###..†########
#.'...'.......
#.#...########
#.#...# #.#...#
#########.#...#
#..o{@....#####
#.#########


You could see an orc.

Vanquished Creatures
  2 adders
  A worm (D:2)
  3 dart slugs (D:1)
  2 orcs (D:3)
  2 endoplasms
  2 giant cockroaches
  6 hobgoblins
  3 jackals (D:2)
  5 kobolds
  3 quokkas
  10 ball pythons
  4 bats
  3 frilled lizards
  2 goblins
  5 rats
53 creatures vanquished.

Notes
Turn   | Place    | Note
-------+----------+-------------------------------------------
     0 | D:1      | booth the Demonspawn Gladiator began the quest for the Orb.
     0 | D:1      | Reached XP level 1. HP: 16/16 MP: 1/1
   284 | D:1      | Discovered your monstrous ancestry.
   284 | D:1      | Gained mutation: You have a pair of small antennae on your
                  | head. [demonic ancestry]
   284 | D:1      | Reached XP level 2. HP: 21/22 MP: 2/2
   469 | D:1      | Gained mutation: A meltable shield of frost defends you.
                  | (SH +0) [demonic ancestry]
   469 | D:1      | Reached XP level 3. HP: 27/28 MP: 3/3
   913 | D:1      | Gained mutation: Your skin changes colour to match your
                  | surroundings (Stealth+). [potion of mutation]
   913 | D:1      | Gained mutation: Your muscles are strong. (Str +4, Int/Dex
                  | -1) [potion of mutation]
   913 | D:1      | Gained mutation: You have hidden genetic defects. [potion
                  | of mutation]
   913 | D:1      | Gained mutation: You are agile. (Dex +4, Str/Int -1)
                  | [potion of mutation]
  1086 | D:2      | Gained mutation: You are frail. (-10% HP) [hidden defects]
  1467 | D:2      | Gained mutation: Potions are less effective at restoring
                  | your health. [hidden defects]
  1467 | D:2      | Lost mutation: You have hidden genetic defects. [hidden
                  | defects expressed]
  1803 | D:2      | Reached XP level 4. HP: 23/30 MP: 4/4
  2014 | D:3      | Reached skill level 1 in Maces & Flails
  2049 | D:3      | HP: 1/30 [something/magic dart (4)]
  2050 | D:3      | Killed from afar by an orc wizard

Illustrated notes

Levels and vault maps discovered:
D:1:      dpeg_arrival_arbitrary_a, layout_basic
D:2:      layout_basic, serial_bayou, serial_bayou_pond_a, serial_bayou_shore_b,
          serial_bayou_ford_a, serial_bayou_pond_e, kennysheep_generic_room_12
D:3:      layout_basic, kennysheep_another_room

Skill      XL: |  1  2  3  4 |
---------------+-------------+-----
Throwing       | 2 |  2.3
Axes           | 3 |  3.1
Dodging        | 3 |  3.1
Maces & Flails | 1 |  1.0
Fighting       | |  2.6
Armour         | |  0.9

Action                     |  1- 3 |  4- 6 || total
---------------------------+-------+-------++-------
  Melee: War axe           |   121 |    20 ||   141
         Punch             |       |     1 ||     1
    Use: Potion            |     4 |     1 ||     5
         Scroll            |     3 |     2 ||     5
   Stab: Sleeping          |     2 |       ||     2
 Armour: Leather armour    |    44 |     5 ||    49
  Dodge: Dodged            |    75 |     6 ||    81
  Block: Other             |    19 |     2 ||    21
